 Dungeon Crawl Stone Soup version 0.20.1-1-g8b1a95d (webtiles) character file.

16422 Andry07 the Fighter (level 12, -5/73 HPs)
             Began as a Gargoyle Fighter on Oct 9, 2017.
             Was a High Priest of Okawaru.
             Slain by a blink frog (12 damage)
             ... on level 1 of the Lair of Beasts.
             The game lasted 00:27:55 (13264 turns).

Andry07 the Fighter (Gargoyle Fighter)             Turns: 13264, Time: 00:27:55

Health: -5/73      AC: 38    Str: 26    XL:     12   Next: 37%
Magic:  10/10      EV: 10    Int:  8    God:    Okawaru [*****.]
Gold:   616        SH:  0    Dex: 11    Spells: 11/11 levels left

rFire    . . .     SeeInvis +   b - +4 great mace of the Pharaoh's Fist {protect, Stlth+}
rCold    . . .     Gourm    .   (shield currently unavailable)
rNeg     + + +     Faith    .   X - +5 ring mail "Jadergh" {*Drain rN++ SInv}
rPois    ∞         Spirit   .   (helmet restricted)
rElec    +         Reflect  .   t - +2 cloak
rCorr    .         Harm     .   q - +0 pair of gloves
MR       .....                  g - +0 pair of boots
Stlth    ++........             P - amulet of rage
Regen    0.3/turn               (no ring)
MPRegen  0.2/turn               (no ring)

@: protection aura
A: antennae 1, hooves 1, icy blue scales 2, agile 1, frail 1, low mp 1, negative
energy resistance 1, electricity resistance, wild magic 1, unbreathing,
petrification resistance, rot immunity, AC +8
a: Heroism, Finesse, Renounce Religion, Evoke Berserk Rage


You were on level 1 of the Lair of Beasts.
You worshipped Okawaru.
Okawaru was extremely pleased with you.
You were not hungry.

You visited 4 branches of the dungeon, and saw 16 of its levels.
You also visited: Sewer.

You collected 719 gold pieces.
You spent 103 gold pieces at shops.

Inventory:

Hand Weapons
 a - a +1 vampiric whip
 b - the +4 great mace of the Pharaoh's Fist (weapon) {protect, Stlth+}
   (Okawaru gifted it to you on level 11 of the Dungeon)

   It protects the one who uses it against injury (+AC on strike).
   It makes you more stealthy.
 E - a +3 flail
 Q - a +1 mace of venom
Armour
 c - a +0 shield
 g - a +0 pair of boots (worn)
 q - a +0 pair of gloves (worn)
 t - a +2 cloak (worn)
 K - a +0 helmet
 X - the +5 ring mail "Jadergh" (worn) {*Drain rN++ SInv}
   (You found it on level 11 of the Dungeon)

   It greatly protects you from negative energy.
   It lets you see invisible.
   It causes draining when unequipped.
Jewellery
 P - an amulet of rage (around neck)
Wands
 u - a wand of random effects (12/48)
 H - a wand of confusion (28/48)
 J - a wand of flame (16/48)
 M - a wand of lightning (10/15)
 N - a wand of paralysis (13/24)
 R - a wand of enslavement (9/24)
 W - a wand of flame (27/48)
Scrolls
 h - 6 scrolls of fear
 k - 4 scrolls of blinking
 l - 3 scrolls of enchant armour
 n - 4 scrolls of immolation
 o - 9 scrolls of teleportation
 r - 3 scrolls of magic mapping {unknown}
 s - 7 scrolls of remove curse
 w - 3 scrolls of amnesia {unknown}
 y - 2 scrolls of fog {unknown}
 G - 4 scrolls of recharging {unknown}
 L - 2 scrolls of enchant weapon {unknown}
Potions
 d - 2 potions of might
 e - a potion of flight {unknown}
 i - a potion of agility
 j - 3 potions of berserk rage
 p - 6 potions of heal wounds
 x - 2 potions of ambrosia
 z - 2 potions of lignification {unknown}
 A - 7 potions of curing
 B - 2 potions of mutation {unknown}
 C - 3 potions of haste {unknown}
 F - 3 potions of brilliance {unknown}
 I - 2 potions of magic {unknown}
 S - a potion of invisibility {unknown}
 Y - a potion of cancellation {unknown}
Books
 D - a book of Clouds

   Spells                             Type                      Level
   a - Poisonous Vapours              Poison/Air                   2
   b - Mephitic Cloud                 Conjuration/Poison/Air       3
   c - Conjure Flame                  Conjuration/Fire             3
   d - Freezing Cloud                 Conjuration/Ice/Air          6
   e - Ring of Flames                 Charms/Fire                  7
 T - a book of Changes

   Spells                             Type                      Level
   a - Beastly Appendage              Transmutation                1
   b - Sticks to Snakes               Transmutation                2
   c - Spider Form                    Transmutation/Poison         3
   d - Ice Form                       Ice/Transmutation            4
   e - Blade Hands                    Transmutation                5
 U - a book of Callings

   Spells                             Type                      Level
   a - Summon Small Mammal            Summoning                    1
   b - Call Imp                       Summoning                    2
   c - Call Canine Familiar           Summoning                    3
   d - Summon Guardian Golem          Hexes/Summoning              3
   e - Summon Lightning Spire         Summoning/Air                4
   f - Summon Ice Beast               Ice/Summoning                4
 V - a book of Air

   Spells                             Type                      Level
   a - Shock                          Conjuration/Air              1
   b - Swiftness                      Charms/Air                   2
   c - Static Discharge               Conjuration/Air              3
   d - Airstrike                      Air                          4
   e - Lightning Bolt                 Conjuration/Air              5
Comestibles
 f - 12 bread rations
 m - 8 royal jellies
 v - 5 meat rations
 O - 5 chunks of flesh
 Z - 8 fruits


   Skills:
 - Level 12.5 Fighting
 + Level 12.1 Maces & Flails
 + Level 12.3 Armour
 - Level 3.2 Shields


You had 11 spell levels left.
You didn't know any spells.

Dungeon Overview and Level Annotations

Branches:
Dungeon (12/15)            Temple (1/1) D:7            Lair (2/6) D:11
    Orc (1/2) D:10
  Swamp: Lair:2-4    Shoals: Lair:2-4     Snake: Lair:2-4    Spider: Lair:2-4

Altars:
Ashenzari
Cheibriados
Dithmenos
Elyvilon
Fedhas
Gozag
Hepliaklqana
Kikubaaqudgha
Makhleb
Nemelex Xobeh
Okawaru
Qazlal
Ru
Sif Muna
Trog
Uskayaw
Vehumet
Xom
Yredelemnul
Zin
The Shining One
Beogh

Shops:
D:4 *   D:5 [   D:7 [

Annotations:
Lair:1 exclusion: oklob plant


Innate Abilities, Weirdness & Mutations

You are resistant to torment.
Your stone body is resilient. (AC +8)
You are immune to poison.
You resist negative energy. (rN+)
You are resistant to electric shocks. (rElec)
You can survive without breathing.
You are immune to petrification.
You are immune to rotting.
You have a pair of small antennae on your head.
You have large cloven feet.
You are mostly covered in icy blue scales. (AC +3)
You are agile. (Dex +2)
You are frail. (-10% HP)
Your magical capacity is low. (-10% MP)
Your spells are a little harder to cast, but a little more powerful.


Message History

Okawaru accepts your kill. The blink frog hits you.
* * * LOW HITPOINT WARNING * * *
The blink frog blinks! x2; The blink frog closely misses you.
You see here a spiny frog corpse.
You barely miss the blink frog.
The blink frog is heavily wounded.
The blink frog hits you.
* * * LOW HITPOINT WARNING * * *
The blink frog blinks!
The blink frog hits you.
* * * LOW HITPOINT WARNING * * *
You bludgeon the blink frog!!
You kill the blink frog!
Okawaru accepts your kill.
The blink frog blinks!
You see here a blink frog corpse.
You bludgeon the blink frog!!
The blink frog is almost dead.
The blink frog hits you!
You die...

##.####.#
###P.#.#..##
.......#..#
.........#
#.....#..# #
#........#
##.####F....#.#
#...@FF.......####
#.#####............
#.#..####...#
#....#........##
.(.....#.#####..#
#.##>..###.## #..##
# #.#.#. ##.###....
##.### ##.##./..
##.# ##.#......


You could see 3 blink frogs.

Vanquished Creatures
  2 hydras
  2 two-headed ogres
  The ghost of letownia the Martial Artist, a novice OpTm of Gozag (D:8)
  A cyclops (D:11)
  3 spiny frogs (Lair:1)
  A komodo dragon (Lair:1)
  A meliai zombie (D:10)
  2 hippogriffs
  2 blink frogs (Lair:1)
  A wyvern (D:10)
  18 yaks
  3 hogs (D:9)
  A hungry ghost (D:10)
  A human (D:9)
  A steam dragon (D:11)
  The ghost of Andry07 the Skirmisher, an amateur GrFi (D:3)
  3 water moccasins (Lair:1)
  4 orc warriors
  An eye of draining (D:10)
  2 ice beasts
  3 sky beasts (D:8)
  The ghost of Melbolja the Skirmisher, an amateur HOFi (Sewer)
  A necrophage (D:10)
  A black bear (D:10)
  6 wolves (Lair:1)
  7 ogres
  11 centaurs
  3 big kobolds
  2 crocodiles (Lair:1)
  4 bullfrogs
  A gnoll sergeant (D:10)
  A water moccasin zombie (D:3)
  7 scorpions
  4 killer bees (D:8)
  4 wights (D:8)
  A bullfrog zombie (D:8)
  3 centaur zombies
  2 howler monkeys
  A quasit (D:10)
  3 jellies
  8 crimson imps
  A gnoll shaman (D:8)
  10 orc wizards
  6 orc priests
  A bullfrog skeleton (D:11)
  5 hounds
  Crazy Yiuf (D:6)
  A centaur skeleton (D:10)
  Ijyb (D:4)
  7 worker ants
  A worker ant zombie (D:8)
  18 gnolls
  19 adders
  4 river rats (Sewer)
  A shadow imp (D:9)
  3 oozes
  5 worms
  A dart slug (D:2)
  7 leopard geckos
  33 orcs
  11 bats
  7 giant cockroaches
  10 goblins
  8 hobgoblins
  3 jackals (D:10)
  32 kobolds
  5 quokkas
  11 ball pythons
  10 frilled lizards
  A leopard gecko skeleton (D:7)
  33 rats
  A spectral orc (D:6)
  2 fungi (D:6)
384 creatures vanquished.

Vanquished Creatures (others)
  A deep elf mage (D:11)
  2 fungi
  A plant (Lair:1)
4 creatures vanquished.

Grand Total: 388 creatures vanquished

Notes
Turn   | Place    | Note
-------+----------+-------------------------------------------
     0 | D:1      | Andry07 the Gargoyle Fighter began the quest for the Orb.
     0 | D:1      | Reached XP level 1. HP: 14/14 MP: 1/1
   116 | D:1      | Reached XP level 2. HP: 6/19 MP: 2/2
   627 | D:1      | Reached XP level 3. HP: 24/24 MP: 3/3
  1095 | D:2      | Reached XP level 4. HP: 30/30 MP: 4/4
  1331 | D:2      | Found Zin's Purification Station.
  1332 | D:2      | Found a glowing silver altar of Zin.
  1345 | D:2      | Bought a potion of curing for 90 gold pieces
  1938 | D:3      | Noticed Andry07's ghost (amateur GrFi)
  2446 | D:3      | Found a radiant altar of Vehumet.
  2453 | D:3      | Found an opulent altar of Gozag.
  2460 | D:3      | Reached XP level 5. HP: 34/34 MP: 5/5
  2464 | D:3      | Reached skill level 5 in Fighting
  2759 | D:3      | Killed Andry07's ghost
  2759 | D:3      | Reached XP level 6. HP: 13/41 MP: 6/6
  3034 | D:3      | Reached skill level 5 in Armour
  3091 | D:3      | Found an ancient bone altar of Kikubaaqudgha.
  3214 | D:3      | Reached XP level 7. HP: 18/46 MP: 7/7
  3628 | D:4      | Found a stormy altar of Qazlal.
  3727 | D:4      | Found Qaussilo's General Store.
  3731 | D:4      | Bought a scroll of noise for 13 gold pieces
  3816 | D:4      | Found a glowing drain.
  3894 | Sewer    | Entered a sewer
  3933 | Sewer    | Noticed Melbolja's ghost (amateur HOFi)
  3954 | Sewer    | Killed Melbolja's ghost
  4494 | Sewer    | Reached XP level 8. HP: 37/53 MP: 8/8
  4743 | D:4      | Noticed Ijyb
  4773 | D:4      | Killed Ijyb
  4998 | D:5      | Entered Level 5 of the Dungeon
  5075 | D:5      | Reached skill level 5 in Maces & Flails
  5268 | D:5      | Found Zulayg's Antique Armour Shop.
  6130 | D:6      | Found a runed door.
  6234 | D:6      | Found a deep blue altar of Sif Muna.
  6319 | D:6      | Found a basalt altar of Yredelemnul.
  6444 | D:6      | Reached XP level 9. HP: 55/60 MP: 9/9
  6767 | D:6      | Noticed Crazy Yiuf
  6773 | D:6      | Killed Crazy Yiuf
  6858 | D:7      | Found an iron altar of Okawaru.
  6914 | D:7      | Became a worshipper of Warmaster Okawaru
  6942 | D:7      | Found a staircase to the Ecumenical Temple.
  6968 | Temple   | Entered the Ecumenical Temple
  7108 | D:7      | Found Elaom's Armour Emporium.
  7438 | D:8      | Reached skill level 10 in Fighting
  7701 | D:8      | Noticed a two-headed ogre
  7726 | D:8      | Killed a two-headed ogre
  7726 | D:8      | Reached * piety under Okawaru
  7726 | D:8      | Reached ** piety under Okawaru
  7726 | D:8      | Reached XP level 10. HP: 10/70 MP: 10/10
  8092 | D:8      | Gained mutation: You have a pair of small antennae on your head. [mutagenic meat]
  8093 | D:8      | Gained mutation: Your magical capacity is low. (-10% MP) [mutagenic meat]
  8094 | D:8      | Gained mutation: Your muscles are strong. (Str +2) [mutagenic meat]
  8095 | D:8      | Gained mutation: You are agile. (Dex +2) [mutagenic meat]
  8096 | D:8      | Gained mutation: You are frail. (-10% HP) [mutagenic meat]
  8097 | D:8      | Gained mutation: You are partially covered in icy blue scales. (AC +2) [mutagenic meat]
  8099 | D:8      | Noticed letownia's ghost (novice OpTm)
  8121 | D:7      | Lost mutation: Your muscles are strong. (Str +2) [mutagenic meat]
  8122 | D:7      | Gained mutation: Your muscles are strong. (Str +2) [mutagenic meat]
  8123 | D:7      | Gained mutation: You have large cloven feet. [mutagenic meat]
  8151 | D:8      | Killed letownia's ghost
  8484 | D:8      | Gained mutation: You are mostly covered in icy blue scales. (AC +3) [mutagenic meat]
  8485 | D:8      | Gained mutation: Your spells are a little harder to cast, but a little more powerful. [mutagenic meat]
  8486 | D:8      | Lost mutation: Your muscles are strong. (Str +2) [mutagenic meat]
  8522 | D:8      | Reached *** piety under Okawaru
  9525 | D:9      | Reached **** piety under Okawaru
  9604 | D:9      | Found a hazy altar of Hepliaklqana.
  9827 | D:9      | Noticed a five-headed hydra
  9838 | D:9      | Killed a five-headed hydra
  9867 | D:9      | Reached XP level 11. HP: 20/68 MP: 9/9
 10098 | D:10     | Entered Level 10 of the Dungeon
 10432 | D:10     | Reached skill level 10 in Maces & Flails
 10457 | D:10     | Reached ***** piety under Okawaru
 10477 | D:10     | Found a staircase to the Orcish Mines.
 10498 | D:10     | Found a roughly hewn altar of Beogh.
 10628 | D:10     | Reached skill level 10 in Armour
 11117 | Orc:1    | Entered Level 1 of the Orcish Mines
 11119 | Orc:1    | Noticed an ettin
 11423 | D:11     | Found a staircase to the Lair.
 11521 | D:11     | Noticed a deep elf mage
 11563 | D:11     | Killed a deep elf mage
 11869 | D:11     | Noticed a two-headed ogre
 11879 | D:11     | Killed a two-headed ogre
 12205 | D:11     | Got a fine ring mail
 12216 | D:11     | Identified the +5 ring mail "Jadergh" {*Drain rN++ SInv} (You found it on level 11 of the Dungeon)
 12227 | D:11     | Noticed a cyclops
 12239 | D:11     | Killed a cyclops
 12408 | D:11     | Received a gift from Okawaru
 12417 | D:11     | Got a transparent great mace {god gift}
 12423 | D:11     | Identified the +4 great mace of the Pharaoh's Fist {protect, Stlth+} (Okawaru gifted it to you on level 11 of the Dungeon)
 12547 | Lair:1   | Entered Level 1 of the Lair of Beasts
 12570 | Lair:1   | Found a labyrinth entrance.
 12620 | Lair:1   | Reached XP level 12. HP: 38/73 MP: 10/10
 12674 | Lair:1   | Noticed a five-headed hydra
 12868 | Lair:1   | Killed a five-headed hydra
 13264 | Lair:1   | Slain by a blink frog

Skill      XL: |  1  2  3  4  5  6  7  8  9 10 11 12 |
---------------+-------------------------------------+-----
Fighting       | 4 5 6 7 9 11 12 | 12.5
Maces & Flails | 3 4 6 7 9 11 12 | 12.1
Armour         | 4 5 6 7 9 11 12 | 12.3
Shields        | |  3.2

Action                   |  1- 3 |  4- 6 |  7- 9 | 10-12 || total
-------------------------+-------+-------+-------+-------++-------
Melee: Flail             |   106 |   221 |   574 |   582 ||  1483
       Mace              |       |       |   111 |   115 ||   226
       Great mace        |       |       |       |   112 ||   112
Invok: Heroism           |       |       |       |     2 ||     2
  Use: Scroll            |       |     4 |     4 |     6 ||    14
 Stab: Sleeping          |       |       |       |     1 ||     1
  Eat: Chunk             |       |     5 |    17 |    35 ||    57
       Royal jelly       |       |     1 |       |       ||     1
Armor: Scale mail        |    67 |   113 |   619 |   433 ||  1232
       Ring mail         |       |       |       |   163 ||   163
Dodge: Dodged            |    40 |    73 |   263 |   359 ||   735
Block: Shield            |    75 |   120 |   451 |   375 ||  1021
